 Dungeon Crawl Stone Soup version 0.19-a0-994-g3c636f0 (webtiles) character file.

444 matakusis the Ducker (level 6, 0/48 HPs)
             Began as a Demonspawn Gladiator on July 17, 2016.
             Slain by p0werm0de's ghost (7 damage)
             ... in an ossuary.
             The game lasted 00:09:08 (3825 turns).

matakusis the Ducker (Demonspawn Gladiator)         Turns: 3825, Time: 00:09:08

Health: 0/48       AC:  7    Str: 20    XL:     6   Next: 72%
Magic:  6/6        EV: 14    Int:  9    God:
Gold:   244        SH:  3    Dex: 16    Spells: 0 memorised, 5 levels left

rFire  . . .     SeeInvis .     a - +1 long sword
rCold  + . .     Gourm    .     r - +0 leather armour {MR+}
rNeg   . . .     Faith    .     (no shield)
rPois  .         Spirit   .     c - +0 helmet
rElec  .         Dismiss  .     (no cloak)
rCorr  .         Reflect  .     (no gloves)
SustAt .         Harm     .     (no boots)
MR     +....                    b - amulet of rage
Stlth  +.........               (no ring)
                                (no ring)

@: mighty, lethally poisoned (0 -> -2), somewhat resistant to hostile
enchantments, very unstealthy
A: hooves 1, large bone plates 2, cold resistance 1
a: Evoke Berserk Rage


You were in an ossuary.
You were near starving.

You visited 1 branch of the dungeon, and saw 5 of its levels.
You also visited: Ossuary.

You collected 244 gold pieces.

Inventory:

Hand Weapons
 a - a +1 long sword (weapon)
Missiles
 d - 3 throwing nets (quivered)
Armour
 c - a +0 helmet (worn)
 r - a +0 leather armour of magic resistance (worn)
Jewellery
 b - an amulet of rage (around neck)
Wands
 s - a wand of random effects (38/48)
Scrolls
 i - 4 scrolls of remove curse
 j - a scroll of immolation
 l - a scroll of amnesia
Comestibles
 f - 5 bread rations
 g - 8 chunks of flesh
 m - a beef jerky
 p - a meat ration
 u - a royal jelly


   Skills:
 * Level 4.0 Fighting
 + Level 4.1 Long Blades
 - Level 1.7 Throwing
 + Level 2.4 Armour
 + Level 4.4 Dodging


You had 5 spell levels left.
You didn't know any spells.

Dungeon Overview and Level Annotations

Branches:
Dungeon (5/15)
 Temple: D:4-7

Altars:
Ashenzari
Kikubaaqudgha
Okawaru

Annotations:
D:5 Rationalist's ghost, novice FoFi Ossuary p0werm0de's ghost, novice HECK


Innate Abilities, Weirdness & Mutations

You have large cloven feet.
You are mostly covered in large bone plates. (AC +3, SH +3)
Your flesh is cold resistant. (rC+)


Message History

P0werm0de's ghost is moderately damaged.
You feel sick.
P0werm0de's ghost wails, "What do you have that I didn't have?"
P0werm0de's ghost barely misses you.
You riposte.
You hit p0werm0de's ghost but do no damage.
You kick p0werm0de's ghost, but do no damage.
P0werm0de's ghost is moderately damaged.
P0werm0de's ghost closely misses you.
You riposte.
You completely miss p0werm0de's ghost.
P0werm0de's ghost is moderately damaged. 2 zombies come into view.
You hit p0werm0de's ghost but do no damage.
You kick p0werm0de's ghost.
P0werm0de's ghost is moderately damaged.
You feel sick. P0werm0de's ghost barely misses you.
Unknown command.
You closely miss p0werm0de's ghost. Your kick misses p0werm0de's ghost.
P0werm0de's ghost is moderately damaged.
P0werm0de's ghost hits you!
You die...

#################
.........∩∩......
...ZZ.W@.........
.Z.##############


You could see p0werm0de's ghost, a hobgoblin zombie, a kobold zombie (wandering)
and an orc zombie.

Vanquished Creatures
  A centaur (D:5)
  2 orc wizards (D:4)
  A giant frog skeleton (D:4)
  A centaur skeleton (D:4)
  An iguana (D:5)
  2 worker ants
  A hound zombie (D:5)
  7 adders
  A shadow imp (D:5)
  An ooze (D:4)
  An adder skeleton (D:4)
  A worm (D:2)
  2 dart slugs
  A giant gecko (D:4)
  7 orcs
  9 bats
  4 giant cockroaches
  6 goblins
  3 hobgoblins (D:1)
  14 jackals
  3 kobolds
  A giant gecko skeleton (D:5)
  3 giant newts
  3 rats (D:1)
76 creatures vanquished.

Notes
Turn   | Place    | Note
-------+----------+-------------------------------------------
     0 | D:1      | matakusis the Demonspawn Gladiator began the quest for the Orb.
     0 | D:1      | Reached XP level 1. HP: 16/16 MP: 1/1
    52 | D:1      | Found a shattered altar of Ashenzari.
   290 | D:1      | Gained mutation: You are partially covered in large bone plates. (AC +2, SH +2) [demonic ancestry]
   290 | D:1      | Reached XP level 2. HP: 19/23 MP: 2/2
  1125 | D:2      | Gained mutation: You are mostly covered in large bone plates. (AC +3, SH +3) [demonic ancestry]
  1125 | D:2      | Reached XP level 3. HP: 28/28 MP: 3/3
  1682 | D:3      | Found an iron altar of Okawaru.
  1823 | D:3      | Reached skill level 1 in Armour
  2122 | D:3      | Gained mutation: You have large cloven feet. [demonic ancestry]
  2122 | D:3      | Reached XP level 4. HP: 35/35 MP: 4/4
  2849 | D:4      | Gained mutation: Your flesh is cold resistant. (rC+) [demonic ancestry]
  2849 | D:4      | Reached XP level 5. HP: 41/41 MP: 5/5
  2855 | D:4      | Found an ancient bone altar of Kikubaaqudgha.
  3381 | D:4      | Reached XP level 6. HP: 39/47 MP: 6/6
  3565 | D:4      | Found a shattered altar of Ashenzari.
  3754 | D:5      | Entered Level 5 of the Dungeon
  3769 | D:5      | Found a sand-covered staircase.
  3812 | D:5      | Noticed Rationalist's ghost (novice FoFi)
  3819 | Ossuary  | Entered an ossuary
  3819 | Ossuary  | Noticed p0werm0de's ghost (novice HECK)
  3825 | Ossuary  | Slain by p0werm0de's ghost

Vault maps used:
D:1:      lemuel_arrival_rhombus, evilmike_ruin_ashenzari
D:3:      overflow_temple_1_default
D:4:      kiku_gazebo_garden_becter, kennysheep_mini, first_bread
D:5:      vehumet_altar_wand_db, lemuel_doored_altar,
          nicolae_ossuary_entry_ruins, uniq_prince_ribbit1, uniq_grinder
Ossuary:  ossuary_tomb_1

Skill      XL: |  1  2  3  4  5  6 |
---------------+-------------------+-----
Dodging        | 3 4 |  4.4
Long Blades    | 3 4 |  4.1
Fighting       | 3 4 |  4.0
Armour         | 1 2 |  2.4
Throwing       | |  1.7

Action                   |  1- 3 |  4- 6 || total
-------------------------+-------+-------++-------
Melee: Long sword        |   193 |   144 ||   337
       Kick              |       |    39 ||    39
  Use: Scroll            |       |     9 ||     9
       Potion            |       |     5 ||     5
 Stab: Sleeping          |     1 |       ||     1
  Eat: Chunk             |     4 |     4 ||     8
Armor: Leather armour    |    55 |    37 ||    92
Dodge: Dodged            |   120 |    81 ||   201
Block: Other             |    20 |    12 ||    32
